 Dungeon Crawl Stone Soup version 0.29.1-15-g9cfb28693d (webtiles) character file.

Game seed: 3769802079641182837

387 Alturiack the Stinger (level 6, 0/28 HPs)
             Began as a Spriggan Venom Mage on Apr 11, 2023.
             Slain by a phantom (4 damage)
             ... on level 5 of the Dungeon.
             The game lasted 00:13:51 (4636 turns).

Alturiack the Stinger (Spriggan Venom Mage)         Turns: 4636, Time: 00:13:51

Health: 0/28       AC:  3    Str:  4    XL:     6   Next: 49%
Magic:  11/11      EV: 17    Int: 18    God:
Gold:   196        SH:  0    Dex: 16    Spells: 3/10 levels left

rFire   . . .      SeeInvis +   y - +0 rapier (drain)
rCold   . . .      Faith    .   (no shield)
rNeg    . . .      Spirit   .   a - +0 robe
rPois   .          Reflect  .   (helmet restricted)
rElec   .          Harm     .   h - +0 cloak
rCorr   .          Rampage  .   (gloves unavailable)
Will    +....                   (boots unavailable)
Stlth   ++........              c - amulet of magic regeneration
HPRegen 0.09/turn               w - ring of wizardry
MPRegen 0.52/turn               (no ring)

@: very quick
A: very small, no large weapons, unfitting armour, see invisible, speed 3
a: no special abilities


You were on level 5 of the Dungeon.
You visited 1 branch of the dungeon, and saw 5 of its levels.

You collected 196 gold pieces.

Inventory:

Hand Weapons
 y - a +0 rapier of draining (weapon)
Armour
 a - a +0 robe (worn)
 h - a +0 cloak (worn)
Jewellery
 c - an amulet of magic regeneration (around neck)
 w - a ring of wizardry (left hand)
Wands
 k - a wand of roots (9)
 x - a wand of mindburst (8)
Scrolls
 e - a scroll of fear {unknown}
 j - a scroll of noise {unknown}
 l - 8 scrolls of identify {unknown}
 m - 2 scrolls of blinking {unknown}
 n - a scroll of enchant armour {unknown}
 p - 2 scrolls of magic mapping {unknown}
 s - 2 scrolls of enchant weapon {unknown}
 v - a scroll of vulnerability {unknown}
 z - a scroll of teleportation {unknown}
Potions
 b - a potion of magic
 d - 3 potions of heal wounds {unknown}
 f - a potion of attraction {unknown}
 g - a potion of cancellation {unknown}
 i - a potion of ambrosia {unknown}
 o - 2 potions of invisibility {unknown}
 q - a potion of resistance {unknown}
 r - a potion of might {unknown}
 t - 2 potions of curing {unknown}
 u - 2 potions of degeneration {unknown}


   Skills:
 - Level 2.6 Dodging
 - Level 3.0 Stealth
 - Level 2.6 Spellcasting
 - Level 1.3 Transmutations
 * Level 7.4 Poison Magic


You had 3 spell levels left.
You knew the following spells:

 Your Spells              Type           Power      Damage    Failure   Level
a - Sting                 Tmut/Pois      72%        1d6       1%          1
b - Poisonous Vapours     Pois/Air       30%        N/A       2%          2
c - Olgreb's Toxic Radia  Pois           29%        N/A       3%          4

Your spell library contained the following spells:

 Spells                   Type           Power      Damage    Failure   Level
 Mephitic Cloud           Conj/Pois/Air  11%        N/A       8%          3
 Summon Guardian Golem    Hex/Summ       2%         N/A       21%         3
 Petrify                  Tmut/Erth      4%         N/A       43%         4
 Metabolic Englaciation   Hex/Ice        1%         N/A       86%         5
 Statue Form              Tmut/Erth      2%         N/A       99%         6
 Orb of Destruction       Conj           1%         9d5       100%        7
 Spellforged Servitor     Conj/Summ      1%         N/A       100%        7


Dungeon Overview and Level Annotations

Branches:
Dungeon (5/15)
 Temple: D:4-7

Altars:

Shops:
D:5 ?

Annotations:
D:3 ANNNA's ghost, amateur DrIE; Allflame's ghost, amateur GrEE
D:5 Prince Ribbit


Innate Abilities, Weirdness & Mutations

You are very small and have problems with some larger weapons.
You are too small for most types of armour.
You have supernaturally acute eyesight. (SInv)
You cover ground extremely quickly. (Speed+++)


Message History

You hit the phantom.
You destroy the phantom!
You hit the phantom but do no damage. The phantom closely misses you.
You see here a +0 whip.
There is a stone staircase leading down here.
The phantom closely misses you.
You climb downwards.
Found a ring mail and a whip.
Found Nyov's Magic Scroll Shoppe.
Found a stone staircase leading down.
There is a stone staircase leading up here.
Really walk onto that alarm trap? [Y]es or [N]o only, please.
Really walk onto that alarm trap?
Okay, then.
The phantom closely misses you.
You see here a +0 ring mail.
Found a robe.
You hit the phantom.
The phantom is moderately damaged.
The phantom closely misses you. x2
You closely miss the phantom.
The phantom is moderately damaged.
The phantom completely misses you.
You closely miss the phantom.
The phantom is moderately damaged.
The phantom barely misses you.
You miss the phantom.
The phantom is lightly damaged.
The phantom barely misses you.
You closely miss the phantom.
The phantom is lightly damaged.
The phantom hits you.
The phantom blinks!
You blink.
Prince Ribbit comes into view.
You hit the phantom.
You punch the phantom, but do no damage.
The phantom is moderately damaged.
The phantom hits you.
* * * LOW HITPOINT WARNING * * *
The phantom hits you.
You die...

#.).##.#
#...8#.#
#######..[..^#
........8.<.8#
[######§....##
#§..∩.#
#.....##
+.8.>.8#
#.@....#
##W#8#.#
#.###.# #.# .
#.# #.# .F#
...


You could see Prince Ribbit (asleep) and a phantom.

Vanquished Creatures
  Sigmund (D:2)
  A phantom (D:4)
  An iguana (D:4)
  4 adders
  2 worms
  2 dart slugs
  An orc (D:3)
  4 ball pythons
  4 bats
  7 endoplasms
  4 giant cockroaches
  7 goblins
  8 hobgoblins
  12 jackals
  14 kobolds
  3 quokkas
  3 frilled lizards
  3 rats
81 creatures vanquished.

Vanquished Creatures (others)
  A plant (D:3)
1 creature vanquished.

Grand Total: 82 creatures vanquished

Notes
Turn   | Place    | Note
-------+----------+-------------------------------------------
     0 | D:1      | Alturiack the Spriggan Venom Mage began the quest for the
                  | Orb.
     0 | D:1      | Reached XP level 1. HP: 9/9 MP: 5/5
   244 | D:1      | Reached XP level 2. HP: 13/13 MP: 2/6
   702 | D:1      | Reached skill level 4 in Poison Magic
   855 | D:1      | Learned a level 2 spell: Poisonous Vapours
  1075 | D:1      | Reached XP level 3. HP: 15/16 MP: 8/8
  1439 | D:2      | Noticed Sigmund
  1486 | D:2      | Killed Sigmund
  1487 | D:2      | Reached skill level 6 in Poison Magic
  1487 | D:2      | Reached XP level 4. HP: 10/21 MP: 5/9
  1487 | D:2      | Reached XP level 5. HP: 11/24 MP: 5/10
  1542 | D:2      | Learned a level 4 spell: Olgreb's Toxic Radiance
  2823 | D:2      | Identified the +2 ring mail of the Cockatrice {Dex-2 SInv
                  | Stlth+}
  3218 | D:3      | Found a runed translucent gate.
  3219 | D:3      | Found a runed translucent gate.
  3219 | D:3      | Found a runed translucent gate.
  3219 | D:3      | Noticed Allflame's ghost (amateur GrEE)
  3219 | D:3      | Noticed ANNNA's ghost (amateur DrIE)
  3300 | D:3      | Reached XP level 6. HP: 27/28 MP: 4/11
  3614 | D:3      | Found a faded altar of an unknown god.
  4254 | D:4      | Reached skill level 7 in Poison Magic
  4619 | D:5      | Entered Level 5 of the Dungeon
  4619 | D:5      | Found Nyov's Magic Scroll Shoppe.
  4635 | D:5      | Noticed Prince Ribbit
  4636 | D:5      | Slain by a phantom

Illustrated notes

Levels and vault maps discovered:
D:1:      mrwooster_arrival_statue_2, layout_basic, corner_web_ring,
          minmay_misc_feat_encased, dk_noncrumbling_4
D:2:      layout_basic, kennysheep_potato, uniq_sigmund
D:3:      layout_loops_ring, ebering_ecumenical_altar_webs,
          gammafunk_ghost_cemetery, minmay_misc_feat_rugged, serial_bayou_pond_d
D:4:      layout_rooms
D:5:      layout_basic, minmay_tree_intersection, minivault_23,
          nicolae_stop_n_shop_2, saegor_snake_ambush, uniq_edmund, uniq_grinder,
          uniq_prince_ribbit1

Skill      XL: |  1  2  3  4  5  6 |
---------------+-------------------+-----
Poison Magic   | 4 6 7 |  7.4
Dodging        | |  2.6
Stealth        | |  3.0
Spellcasting   | |  2.6
Transmutations | |  1.3

Action                   |  1- 3 |  4- 6 || total
-------------------------+-------+-------++-------
Melee: Rapier            |       |    32 ||    32
       Punch             |       |     1 ||     1
 Cast: Sting             |    33 |    57 ||    90
       Poisonous Vapours |    11 |   103 ||   114
 Stab: Sleeping          |       |     1 ||     1
Armor: Robe              |     3 |    10 ||    13
Dodge: Dodged            |    12 |    57 ||    69
